 Dungeon Crawl Stone Soup version 0.30-a0-223-gcb0039aa0c (webtiles) character file.

Game seed: 3697840439718160516

1964 qw the Cleaver (level 9, 0/55 HPs)
             Began as a Gargoyle Fighter on Oct 9, 2022.
             Was an Initiate of Okawaru.
             Killed by nerve-wracking pain
             ... invoked by a shadow imp
              (7 damage)
             ... on level 7 of the Dungeon.
             The game lasted 00:02:18 (6500 turns).

qw the Cleaver (Gargoyle Fighter)                   Turns: 6500, Time: 00:02:19

Health: 0/55       AC: 19    Str: 23    XL:     9   Next: 19%
Magic:  9/9        EV:  7    Int: 10    God:    Okawaru [......]
Gold:   425        SH:  4    Dex:  9    Spells: 8/8 levels left

rFire   . . .      SeeInvis .    Y - +0 war axe (chaos)
rCold   . . .      Faith    .    c - +0 buckler
rNeg    + . .      Spirit   .    h - +0 chain mail
rPois   inf        Reflect  .    p - +2 helmet
rElec   +          Harm     .    (no cloak)
rCorr   +          Rampage  .    (no gloves)
Will    .....                    (no boots)
Stlth   ..........               (no amulet)
HPRegen 0.29/turn                m - ring of resist corrosion
MPRegen 0.11/turn                (no ring)

@: mesmerised
A: sickness immunity, AC +6, negative energy resistance 1, electricity
resistance, torment resistance 1, petrification resistance
a: Renounce Religion


You were on level 7 of the Dungeon.
You worshipped Okawaru.
Okawaru was noncommittal.
You visited 2 branches of the dungeon, and saw 8 of its levels.
You also visited: Ossuary.

You collected 425 gold pieces.


Innate Abilities, Weirdness & Mutations

You are immune to sickness and miasma.
Your stone body is resilient. (AC +6)
You are immune to poison.
You resist negative energy. (rN+)
You are resistant to electric shocks. (rElec)
You are resistant to unholy torment.
You are immune to petrification.


   Skills:
 + Level 6.0 Fighting
 - Level 9.2 Axes
 - Level 2.2 Throwing
 - Level 4.0 Armour
 - Level 1.0 Dodging
 - Level 4.0 Shields


You had 8 spell levels left.
You didn't know any spells.
Your spell library was empty.

Inventory:

Hand Weapons
 q - the +5 morningstar "Qufumal" {pain, Int+3}
   (You acquired it in an ossuary)

   In the hands of one skilled in necromantic magic, it inflicts extra damage on
   living creatures.
   Int:       It affects your intelligence (+3).
 Y - a +0 war axe of chaos (weapon)
Missiles
 b - 3 javelins (quivered)
 g - a silver boomerang
 v - 4 boomerangs
Armour
 c - a +0 buckler (worn)
 h - a +0 chain mail (worn)
 p - a +2 helmet (worn)
 t - a +1 ring mail of fire resistance
Jewellery
 i - an amulet of regeneration
 m - a ring of resist corrosion (left hand)
 r - a ring of ice
 x - a ring of fire
 y - a ring of fire
Scrolls
 f - 4 scrolls of identify
 j - 3 scrolls of teleportation
Potions
 a - a potion of lignification
 d - 5 potions of might
 e - 6 potions of curing
 k - a potion of resistance
 l - 3 potions of heal wounds
 o - a potion of mutation
 s - a potion of haste {unknown}
 u - a potion of cancellation {unknown}
 w - a potion of ambrosia {unknown}
 A - a potion of magic {unknown}
 B - a potion of attraction {unknown}

Dungeon Overview and Level Annotations

Branches:
Dungeon (7/15)             Temple (1/1) D:6         Ossuary (visited)

Altars:
Ashenzari
Cheibriados
Dithmenos
Elyvilon
Gozag
Hepliaklqana
Kikubaaqudgha
Makhleb
Okawaru
Qazlal
Sif Muna
Uskayaw
Vehumet
Wu Jian
Xom
Zin

Annotations:
D:7 Maggie


Message History

The centaur warrior skeleton kicks the withered plant.
You slash the boggart skeleton!
The boggart skeleton convulses.
You destroy the boggart skeleton!
Okawaru accepts your kill.
You hit something. You freeze something. You barely miss the shadow imp.
You closely miss the hellwing. You hit the withered plant.
Lightning courses through the withered plant!
You closely miss the hellwing. You hit the shadow imp.
Lightning courses through the shadow imp!
You kill the shadow imp!
Okawaru accepts your kill. You block the shadow imp's attack.
Maggie barely misses you.
The hellwing hits you but does no damage.
The hellwing hits you.
The centaur warrior skeleton hits the withered plant.
The centaur warrior skeleton kicks the withered plant.
The centaur warrior skeleton hits you but does no damage.
The centaur warrior skeleton kicks you but does no damage.
Your Shields skill increases to level 4!
You hit the hellwing.
The hellwing appears confused.
The hellwing is moderately wounded.
You barely miss the shadow imp. You hit the hellwing.
You hit the withered plant. You freeze the withered plant.
You hit the centaur warrior skeleton. You slash something!
Nothing appears to happen.
The withered plant crumbles away.
The hornet zombie hits the withered plant.
The withered plant begins to crumble.
Maggie hits you from afar with a +0 halberd.
The hellwing hits you.
The hellwing hits you but does no damage. x2
The hellwing hits you.
The centaur warrior skeleton hits you but does no damage.
The centaur warrior skeleton kicks you but does no damage.
The hellwing barely misses the shadow imp. x2
The hellwing barely misses you. x2
Maggie hits you from afar with a +0 halberd.
The shadow imp gestures at you. Pain shoots through your body!
You die...

##.# ...#
#####.#.##
##.....P...
##.....P..8.
.###....P......
......45ZZ.....
#..Z@4ZZ...P
..[.8...55...P.
###....5@Z\[..8
#......!.....
#.....P8.P...
#..8.......P.
#....P8....8.
#.#...8...P..


You could see Maggie (mesmerising), 2 hellwings, 4 shadow imps, a hornet zombie,
a redback zombie, a centaur warrior zombie, a boggart skeleton and 2 centaur
warrior skeletons.

Vanquished Creatures
  Prince Ribbit (D:6)
  Sigmund (D:3)
  Duvessa (D:6)
  A black bear (D:5)
  An ice beast (D:7)
  2 ogres (D:5)
  A kobold brigand (D:6)
  A bullfrog (D:6)
  4 scorpions
  Dowan (D:6)
  3 hounds
  A jelly (D:4)
  An orc priest (D:3)
  4 iguanas
  5 orc wizards
  A boggart skeleton (D:7)
  3 hound zombies (Ossuary)
  5 mummies
  7 adders
  4 gnolls (D:3)
  A shadow imp (D:7)
  An adder zombie (Ossuary)
  2 worms
  15 orcs
  10 endoplasms
  4 giant cockroaches
  6 goblins
  5 hobgoblins
  10 jackals
  3 quokkas
  5 ball pythons
  10 bats
  5 frilled lizards
  A gnoll zombie (Ossuary)
  A goblin zombie (Ossuary)
  2 hobgoblin zombies (Ossuary)
  A jackal zombie (Ossuary)
  8 kobolds
  A kobold zombie (Ossuary)
  7 rats
  2 rat zombies (Ossuary)
148 creatures vanquished.

Vanquished Creatures (others)
  2 withered plants (D:7)
2 creatures vanquished.

Grand Total: 150 creatures vanquished

Notes
Turn   | Place    | Note
-------+----------+-------------------------------------------
     0 | D:1      | qw the Gargoyle Fighter began the quest for the Orb.
     0 | D:1      | Reached XP level 1. HP: 14/14 MP: 1/1
     0 | D:1      | 0 ||| qw: Version: 0.2-a-17-g06abaee
     0 | D:1      | 0 ||| qw: Game counter: 2240
     0 | D:1      | 0 ||| qw: Always use a shield: true
     0 | D:1      | 0 ||| qw: God list: Okawaru
     0 | D:1      | 0 ||| qw: Allow faded altars: false
     0 | D:1      | 0 ||| qw: Do Orc after D:15 true
     0 | D:1      | 0 ||| qw: Do second Lair branch before Depths: true
     0 | D:1      | 0 ||| qw: Lair rune preference: random
     0 | D:1      | 0 ||| qw: Plans: Normal, Zot:1-4, God:TSO, Crypt, Tomb,
                  | Pan, Slime:5, Hells, Abyss, Orb
     0 | D:1      | 0 ||| PLANNING D:1-11
   166 | D:1      | Reached skill level 2 in Axes
   288 | D:1      | Reached XP level 2. HP: 19/19 MP: 2/2
   305 | D:1      | Found a faded altar of an unknown god.
   771 | D:1      | 771 ||| Stepping ~*~*~tactically~*~*~ (stealth).
   777 | D:1      | Reached skill level 3 in Axes
  1055 | D:1      | 1055 ||| UPGRADING to +0 chain mail.
  1065 | D:1      | 1065 ||| DROPPING +0 scale mail.
  1066 | D:1      | 1066 ||| UPGRADING to amulet of guardian spirit.
  1071 | D:1      | 1071 ||| UPGRADING to ring of resist corrosion.
  1072 | D:1      | 1072 ||| READING scroll labelled NIGOINA OSIE.
  1077 | D:1      | 1077 ||| READING 2 scrolls labelled WUASETOATS.
  1078 | D:1      | 1078 ||| READING scroll labelled KUILONGASUDGH.
  1079 | D:1      | 1079 ||| READING 2 scrolls labelled UGHAOX KEAXAC.
  1080 | D:1      | 1080 ||| READING scroll of brand weapon.
  1080 | D:1      | 1080 ||| BRANDING +0 war axe of electrocution.
  1081 | D:1      | 1081 ||| DRINKING 2 silvery potions.
  1134 | D:2      | Reached XP level 3. HP: 23/23 MP: 3/3
  1170 | D:2      | 1170 ||| Stepping ~*~*~tactically~*~*~ (stealth).
  1203 | D:2      | Found the +18 Lear's hauberk
  1255 | D:2      | 1255 ||| DROPPING +0 club.
  1312 | D:2      | 1312 ||| Stepping ~*~*~tactically~*~*~ (stealth).
  1492 | D:2      | Found a glowing silver altar of Zin.
  1500 | D:2      | Reached skill level 1 in Throwing
  1620 | D:2      | Reached XP level 4. HP: 28/28 MP: 4/4
  1917 | D:2      | 1917 ||| UPGRADING to +1 helmet.
  1922 | D:2      | 1922 ||| READING scroll labelled HONUME AMEQI.
  1923 | D:2      | 1923 ||| DRINKING 2 white potions.
  1924 | D:2      | 1924 ||| READING 3 scrolls of identify.
  1924 | D:2      | 1924 ||| IDENTIFYING pink potion
  1925 | D:2      | 1925 ||| READING 2 scrolls of identify.
  1925 | D:2      | 1925 ||| IDENTIFYING lumpy white potion
  1926 | D:2      | 1926 ||| DROPPING potion of degeneration.
  1948 | D:3      | Found a burning altar of Makhleb.
  1950 | D:3      | Noticed Sigmund
  1978 | D:3      | HP: 6/28 [something (6)]
  1982 | D:3      | 1982 ||| DRINKING potion of heal wounds.
  1994 | D:3      | 1994 ||| DRINKING potion of curing.
  1994 | D:3      | 1994 ||| (to cure confusion)
  1995 | D:3      | Killed Sigmund
  1996 | D:3      | Reached skill level 5 in Axes
  1996 | D:3      | Reached XP level 5. HP: 32/32 MP: 3/5
  1996 | D:3      | Reached XP level 6. HP: 37/37 MP: 3/6
  2042 | D:3      | 2042 ||| Stepping ~*~*~tactically~*~*~ (stealth).
  2044 | D:3      | 2044 ||| Stepping ~*~*~tactically~*~*~ (stealth).
  2047 | D:3      | 2047 ||| Stepping ~*~*~tactically~*~*~ (stealth).
  2049 | D:3      | 2049 ||| Stepping ~*~*~tactically~*~*~ (stealth).
  2233 | D:3      | Found an ancient bone altar of Kikubaaqudgha.
  2239 | D:3      | Found a shimmering blue altar of Sif Muna.
  2241 | D:3      | Found a radiant altar of Vehumet.
  2366 | D:3      | 2366 ||| DROPPING +0 whip.
  2513 | D:3      | 2513 ||| READING scroll labelled LIH JE AGISYLU.
  2514 | D:3      | 2514 ||| READING scroll labelled LITUERE OSIADI.
  2606 | D:4      | 2606 ||| STAIRDANCE
  2670 | D:4      | 2670 ||| Stepping ~*~*~tactically~*~*~ (stealth).
  2671 | D:4      | 2671 ||| Stepping ~*~*~tactically~*~*~ (stealth).
  2680 | D:4      | Reached skill level 6 in Axes
  2886 | D:4      | 2886 ||| FLEEEEING.
  2887 | D:4      | 2887 ||| FLEEEEING.
  2888 | D:4      | 2888 ||| STAIRDANCE
  2902 | D:3      | Reached skill level 1 in Dodging
  2902 | D:3      | Reached XP level 7. HP: 36/43 MP: 5/7
  2939 | D:3      | 2939 ||| Stepping ~*~*~tactically~*~*~ (hiding).
  3553 | D:4      | Found an ornate altar of the Wu Jian Council.
  3818 | D:4      | 3818 ||| READING scroll labelled XOSHESTREIB.
  3919 | D:4      | 3919 ||| READING 2 scrolls of identify.
  3919 | D:4      | 3919 ||| IDENTIFYING golden potion
  3968 | D:5      | Entered Level 5 of the Dungeon
  4050 | D:5      | 4050 ||| FLEEEEING.
  4051 | D:5      | 4051 ||| FLEEEEING.
  4052 | D:5      | 4052 ||| STAIRDANCE
  4189 | D:5      | Reached skill level 7 in Axes
  4363 | D:5      | Found a hazy altar of Hepliaklqana.
  4444 | D:5      | Reached XP level 8. HP: 49/49 MP: 8/8
  4539 | D:5      | 4539 ||| Stepping ~*~*~tactically~*~*~ (hiding).
  4562 | D:5      | 4562 ||| Stepping ~*~*~tactically~*~*~ (stealth).
  4563 | D:5      | 4563 ||| Stepping ~*~*~tactically~*~*~ (stealth).
  5044 | D:5      | Found an opulent altar of Gozag.
  5086 | D:5      | 5086 ||| READING 2 scrolls labelled KIPLERIEFUI.
  5087 | D:5      | 5087 ||| READING scroll of enchant armour.
  5087 | D:5      | 5087 ||| ENCHANTING +1 helmet.
  5088 | D:5      | 5088 ||| READING 2 scrolls of identify.
  5088 | D:5      | 5088 ||| IDENTIFYING cyan potion
  5089 | D:5      | 5089 ||| DROPPING potion of berserk rage.
  5132 | D:6      | 5132 ||| PLANNING OSSUARY
  5132 | D:6      | 5132 ||| STAIRDANCE
  5141 | D:6      | 5141 ||| STAIRDANCE
  5175 | D:6      | 5175 ||| STAIRDANCE
  5189 | D:5      | Reached skill level 8 in Axes
  5208 | D:6      | 5208 ||| Stepping ~*~*~tactically~*~*~ (hiding).
  5210 | D:6      | 5210 ||| DRINKING 4 potions of curing.
  5210 | D:6      | 5210 ||| (to cure confusion)
  5237 | D:6      | Noticed Duvessa
  5238 | D:6      | Noticed Dowan
  5247 | D:6      | Killed Duvessa
  5248 | D:6      | Reached skill level 6 in Fighting
  5257 | D:6      | Killed Dowan
  5348 | D:6      | Found a staircase to the Ecumenical Temple.
  5459 | D:6      | 5459 ||| DROPPING +0 flail.
  5476 | D:6      | Found a shimmering altar of Xom.
  5532 | D:6      | 5532 ||| Stepping ~*~*~tactically~*~*~ (stealth).
  5534 | D:6      | 5534 ||| Stepping ~*~*~tactically~*~*~ (stealth).
  5543 | D:6      | 5543 ||| Stepping ~*~*~tactically~*~*~ (stealth).
  5615 | D:6      | Found a sand-covered staircase.
  5616 | D:6      | 5616 ||| FLEEEEING.
  5620 | D:6      | 5620 ||| FLEEEEING.
  5630 | D:6      | 5630 ||| READING scroll labelled JIOHAU TEMOKH.
  5632 | D:6      | 5632 ||| FLEEEEING.
  5645 | D:6      | 5645 ||| FLEEEEING.
  5646 | D:6      | 5646 ||| FLEEEEING.
  5647 | D:6      | 5647 ||| FLEEEEING.
  5660 | D:6      | 5660 ||| FLEEEEING.
  5666 | D:6      | 5666 ||| STAIRDANCE
  5667 | D:5      | Found a stormy altar of Qazlal.
  5680 | D:6      | 5680 ||| STAIRDANCE
  5684 | D:6      | 5684 ||| STAIRDANCE
  5691 | D:6      | 5691 ||| STAIRDANCE
  5736 | Ossuary  | Entered an ossuary
  5792 | Ossuary  | 5792 ||| READING scroll of brand weapon.
  5792 | Ossuary  | 5792 ||| BRANDING +0 vorpal war axe.
  5891 | Ossuary  | Reached XP level 9. HP: 55/55 MP: 9/9
  5919 | Ossuary  | 5919 ||| READING scroll labelled SEKOOL CIHOTH.
  5919 | Ossuary  | Identified a scroll of acquirement
  5919 | Ossuary  | 5919 ||| ACQUIRING +5 morningstar "Qufumal" {pain, Int+3}
  5919 | Ossuary  | Acquired the +5 morningstar "Qufumal" {pain, Int+3}
  5921 | Ossuary  | 5921 ||| DROPPING +0 vorpal flail.
  5922 | Ossuary  | 5922 ||| READING 3 scrolls of identify.
  5922 | Ossuary  | 5922 ||| IDENTIFYING orange potion
  5923 | Ossuary  | 5923 ||| READING 2 scrolls of identify.
  5923 | Ossuary  | 5923 ||| IDENTIFYING fuming white potion
  5924 | Ossuary  | 5924 ||| DROPPING potion of flight.
  5935 | D:6      | 5935 ||| PLANNING TEMPLE
  5966 | Temple   | Entered the Ecumenical Temple
  5971 | Temple   | 5971 ||| PLANNING OKAWARU WORSHIP
  5982 | Temple   | Became a worshipper of Warmaster Okawaru
  5983 | Temple   | 5983 ||| PLANNING D:1-11
  5983 | Temple   | 5983 ||| REMOVING amulet of guardian spirit.
  5988 | Temple   | 5988 ||| DROPPING amulet of guardian spirit.
  6009 | D:6      | Noticed Prince Ribbit
  6025 | D:6      | Killed Prince Ribbit
  6026 | D:6      | Reached skill level 9 in Axes
  6480 | D:7      | 6480 ||| Stepping ~*~*~tactically~*~*~ (hiding).
  6484 | D:7      | 6484 ||| Stepping ~*~*~tactically~*~*~ (hiding).
  6485 | D:7      | 6485 ||| Stepping ~*~*~tactically~*~*~ (hiding).
  6490 | D:7      | HP: 4/55 [ogre/+0 giant spiked club (11)]
  6491 | D:7      | 6491 ||| READING 4 scrolls of teleportation.
  6492 | D:7      | 6492 ||| DRINKING 5 potions of heal wounds.
  6494 | D:7      | 6494 ||| DRINKING 4 potions of heal wounds.
  6495 | D:7      | Noticed a hellwing
  6495 | D:7      | Noticed a hellwing
  6495 | D:7      | Noticed Maggie
  6500 | D:7      | HP: 13/55 [hellwing (1)]
  6500 | D:7      | Killed from afar by a shadow imp

Levels and vault maps discovered:
D:1:      matt_arrival_spirals, layout_loops_ring,
          shapermc_ecumenical_altar_totnotflames, chequers_serial_rivers_micro_a
D:2:      layout_basic, basic_altar, kennysheep_generic_room_5
D:3:      minmay_wonky_spiral, layout_basic,
          grunt_temple_overflow_magic_moments, mainiacjoe_overflow_tiny_flanked,
          minivault_23, uniq_sigmund
D:4:      layout_layer_cave, nzn_wu_jian_contemplation
D:5:      layout_basic, nicolae_overflow_hidden_temple, serial_bayou_crossing
D:6:      layout_basic, general_overflow_altar, minmay_temple_entry_sparse_star,
          gup_ossuary_entry_pyramid, uniq_duvessa, uniq_prince_ribbit1
D:7:      cheibrodos_grave_circle, layout_loops_ring,
          chequers_temple_overflow_minitemple, uniq_crazy_yiuf_cottage,
          uniq_maggie
Temple:   nicolae_temple_stand_before_the_council

Skill      XL: |  1  2  3  4  5  6  7  8  9 |
---------------+----------------------------+-----
Axes           | 2 3 5 6 7 8 9 |  9.2
Throwing       | 1 2 |  2.2
Fighting       | 4 5 6 |  6.0
Dodging        | 1 |  1.0
Armour         | 4 |  4.0
Shields        | 4 |  4.0

Action                   |  1- 3 |  4- 6 |  7- 9 || total
-------------------------+-------+-------+-------++-------
Melee: War axe           |   101 |    87 |   232 ||   420
Throw: Javelin           |    15 |    29 |    37 ||    81
       Boomerang         |       |       |     1 ||     1
  Use: Scroll            |     5 |     5 |    11 ||    21
       Potion            |     1 |     3 |     3 ||     7
Armor: Scale mail        |    50 |       |       ||    50
       Chain mail        |    22 |    72 |   195 ||   289
Dodge: Dodged            |    53 |    26 |    75 ||   154
Block: Buckler           |    24 |    24 |    41 ||    89

Table legend:
 A = Non-vault XP
 B = Vault XP
 C = Vault XP percentage of total XP
 D = Non-vault monster count
 E = Vault monster count
 F = Vault count percentage of total count
                 A         B        C        D         E       F
            +---------+---------+-------+---------+---------+-------
      Total |    1869 |     937 |  33.4 |     120 |      28 |  18.9
            +---------+---------+-------+---------+---------+-------
        D:1 |      31 |       0 |   0.0 |      22 |       0 |   0.0
        D:2 |      58 |       4 |   6.5 |      18 |       2 |  10.0
        D:3 |     185 |     237 |  56.2 |      28 |       4 |  12.5
        D:4 |     203 |       0 |   0.0 |      17 |       0 |   0.0
        D:5 |     967 |       0 |   0.0 |      22 |       0 |   0.0
        D:6 |     301 |     500 |  62.4 |      12 |       4 |  25.0
        D:7 |     124 |      44 |  26.2 |       1 |       2 |  66.7
    Ossuary |       0 |     152 | 100.0 |       0 |      16 | 100.0
            +---------+---------+-------+---------+---------+-------
